PBL
COLUMBUS REDS @ SOUTHERN MARYLAND BLUE CRABS
10/01/2047
 
TOP OF THE 1ST
Columbus Reds batting - Pitching for Southern Maryland Blue Crabs : RHP Yuji Higashi
Pitching: RHP Yuji Higashi
Batting: RHB Ben Burkholder 0-0: Ball
1-0: Ball
2-0: Ball
3-0: Base on Balls
Batting: RHB Ernie Maldonado 0-0: Called Strike
0-1: Ball
1-1: Foul Ball, location: 2F
1-2: Fly out, F9 (Line Drive, 9LM, EV 93.1 MPH)
Batting: RHB Randy Grewe 0-0: Ball
1-0: Foul Ball, location: 2F
1-1: Fielders Choice at 2nd, 4-6 (Groundball, 4D, EV 97.5 MPH)
Batting: SHB Cesar Pelayo 0-0: Foul Ball, location: 2F
0-1: Foul Ball, location: 2F
0-2: Ball
1-2: Ball
2-2: Ball
3-2: Strikes out swinging
Top of the 1st over - 0 runs, 0 hits, 0 errors, 1 left on base; Columbus 0 - Southern Maryland 0
BOTTOM OF THE 1ST
Southern Maryland Blue Crabs batting - Pitching for Columbus Reds : RHP Ivan Alday
Pitching: RHP Ivan Alday
Batting: SHB Eric Kelley 0-0: Called Strike
0-1: Foul Ball, location: 2F
0-2: Fly out, F9 (Line Drive, 9S, EV 95.0 MPH)
Batting: RHB Dou-wan Pan 0-0: Ground out 4-3 (Groundball, 4, EV 88.8 MPH)
Batting: LHB Jeremy Nuzzo 0-0: Ball
1-0: Called Strike
1-1: SINGLE (Groundball, 56D, EV 105.6 MPH)
Batting: LHB Xue-liang Zhou 0-0: Ball
1-0: Foul Ball, location: 2F
1-1: Ball
Wild Pitch!
Jeremy Nuzzo to second
2-1: Fly out, F8 (Flyball, 8LM, EV 86.2 MPH)
Bottom of the 1st over - 0 runs, 1 hit, 0 errors, 1 left on base; Columbus 0 - Southern Maryland 0
TOP OF THE 2ND
Columbus Reds batting - Pitching for Southern Maryland Blue Crabs : RHP Yuji Higashi
Batting: RHB Aaron Barraza 0-0: Ball
1-0: Ball
2-0: Ground out 4-3 (Groundball, 4, EV 79.4 MPH)
Batting: RHB Oscar Chapa 0-0: Ground out 4-3 (Groundball, 4, EV 78.1 MPH)
Batting: RHB Kevin Larner 0-0: Called Strike
0-1: Foul Ball, location: 2F
0-2: Ball
1-2: Ball
2-2: Fly out, F9 (Flyball, 9, EV 88.8 MPH)
Top of the 2nd over - 0 runs, 0 hits, 0 errors, 0 left on base; Columbus 0 - Southern Maryland 0
BOTTOM OF THE 2ND
Southern Maryland Blue Crabs batting - Pitching for Columbus Reds : RHP Ivan Alday
Batting: RHB C.J. Wells 0-0: Called Strike
0-1: Fly out, F4 (Popup, 34, EV 75.0 MPH)
Batting: RHB Eddie Morin 0-0: Called Strike
0-1: Foul Ball, location: 2F
0-2: Ground out 5-3 (Groundball, 5, EV 98.1 MPH)
Batting: RHB Han Caspers 0-0: Ball
1-0: Ball
2-0: Ball
3-0: Called Strike
3-1: Base on Balls
Batting: LHB Ivan Alvarez 0-0: Called Strike
Han Caspers is caught stealing 2nd base 2-6
Bottom of the 2nd over - 0 runs, 0 hits, 0 errors, 0 left on base; Columbus 0 - Southern Maryland 0
TOP OF THE 3RD
Columbus Reds batting - Pitching for Southern Maryland Blue Crabs : RHP Yuji Higashi
Batting: RHB Ed Santibanez 0-0: Ball
1-0: Ground out U3 (Groundball, 3L, EV 82.5 MPH)
Batting: RHB Cornholdo Schwerin 0-0: Ball
1-0: Swinging Strike
1-1: Called Strike
1-2: Strikes out swinging
Batting: RHB Ben Burkholder 0-0: Fly out, F9 (Flyball, 89S, EV 83.1 MPH)
Top of the 3rd over - 0 runs, 0 hits, 0 errors, 0 left on base; Columbus 0 - Southern Maryland 0
BOTTOM OF THE 3RD
Southern Maryland Blue Crabs batting - Pitching for Columbus Reds : RHP Ivan Alday
Batting: LHB Ivan Alvarez 0-0: Ball
1-0: Called Strike
1-1: Called Strike
1-2: Foul Ball, location: 2F
1-2: Ball
2-2: Ball
3-2: Foul Ball, location: 2F
3-2: Foul Ball, location: 2F
3-2: Strikes out looking
Batting: RHB Imbart van Rens 0-0: Foul Ball, location: 2F
0-1: SOLO HOME RUN (Flyball, 8RXD, EV 114.4 MPH), Distance : 461 ft
Batting: SHB Eric Kelley 0-0: Ball
1-0: Called Strike
1-1: Ground out U3 (Groundball, 3S, EV 85.6 MPH)
Batting: RHB Dou-wan Pan 0-0: Ball
1-0: Foul Ball, location: 2F
1-1: Ball
2-1: Swinging Strike
2-2: Fly out, F9 (Flyball, 9S, EV 94.4 MPH)
Bottom of the 3rd over - 1 run, 1 hit, 0 errors, 0 left on base; Columbus 0 - Southern Maryland 1
TOP OF THE 4TH
Columbus Reds batting - Pitching for Southern Maryland Blue Crabs : RHP Yuji Higashi
Batting: RHB Ernie Maldonado 0-0: Ball
1-0: SOLO HOME RUN (Flyball, 7D, EV 99.4 MPH), Distance : 392 ft
Batting: RHB Randy Grewe 0-0: Ball
1-0: Swinging Strike
1-1: Ball
2-1: Foul Ball, location: 2F
2-2: Foul Ball, location: 2F
2-2: Foul Ball, location: 2F
2-2: Ball
3-2: Fly out, F3 (Popup, 3L, EV 62.5 MPH)
Batting: SHB Cesar Pelayo 0-0: Ball
1-0: Called Strike
1-1: Swinging Strike
1-2: Ball
2-2: Ball
3-2: Strikes out swinging
Batting: RHB Aaron Barraza 0-0: Called Strike
0-1: Swinging Strike
0-2: Hit by Pitch
Batting: RHB Oscar Chapa 0-0: Foul Ball, location: 2F
0-1: Swinging Strike
0-2: Ball
1-2: Ball
2-2: Strikes out swinging
Top of the 4th over - 1 run, 1 hit, 0 errors, 1 left on base; Columbus 1 - Southern Maryland 1
BOTTOM OF THE 4TH
Southern Maryland Blue Crabs batting - Pitching for Columbus Reds : RHP Ivan Alday
Batting: LHB Jeremy Nuzzo 0-0: Ball
1-0: Swinging Strike
1-1: Ground out U3 (Groundball, 3, EV 90.0 MPH)
Batting: LHB Xue-liang Zhou 0-0: Ball
1-0: Foul Ball, location: 2F
1-1: Called Strike
1-2: Fly out, F9 (Flyball, 9LM, EV 80.6 MPH)
Batting: RHB C.J. Wells 0-0: Called Strike
0-1: Ball
1-1: Ball
2-1: Ball
3-1: Fly out, F8 (Flyball, 8LS, EV 91.2 MPH)
Bottom of the 4th over - 0 runs, 0 hits, 0 errors, 0 left on base; Columbus 1 - Southern Maryland 1
TOP OF THE 5TH
Columbus Reds batting - Pitching for Southern Maryland Blue Crabs : RHP Yuji Higashi
Batting: RHB Kevin Larner 0-0: Fly out, F9 (Flyball, 9, EV 93.8 MPH)
Batting: RHB Ed Santibanez 0-0: Ball
1-0: Called Strike
1-1: SINGLE (Groundball, 56S, EV 70.0 MPH) (infield hit)
Batting: RHB Cornholdo Schwerin 0-0: Called Strike
0-1: Fly out, F7 (Line Drive, 7, EV 90.6 MPH)
Batting: RHB Ben Burkholder 0-0: SINGLE (Line Drive, 9LS, EV 84.4 MPH)
Ed Santibanez to second
Runner from 2nd tries for 3rd, OUT! 9-5
Top of the 5th over - 0 runs, 2 hits, 0 errors, 1 left on base; Columbus 1 - Southern Maryland 1
BOTTOM OF THE 5TH
Southern Maryland Blue Crabs batting - Pitching for Columbus Reds : RHP Ivan Alday
Batting: RHB Eddie Morin 0-0: Ball
1-0: Ground out 6-3 (Groundball, 6S, EV 67.5 MPH)
Batting: RHB Han Caspers 0-0: Ball
1-0: Ball
2-0: Bunted foul
2-1: Fly out, F7 (Flyball, 7S, EV 87.5 MPH)
Batting: LHB Ivan Alvarez 0-0: Called Strike
0-1: Ball
1-1: Foul Ball, location: 2F
1-2: Strikes out swinging
Bottom of the 5th over - 0 runs, 0 hits, 0 errors, 0 left on base; Columbus 1 - Southern Maryland 1
TOP OF THE 6TH
Columbus Reds batting - Pitching for Southern Maryland Blue Crabs : RHP Yuji Higashi
Batting: RHB Ernie Maldonado 0-0: Ball
1-0: Swinging Strike
1-1: Ball
2-1: Swinging Strike
2-2: Foul Ball, location: 2F
2-2: SINGLE (Line Drive, 78S, EV 111.2 MPH)
Batting: RHB Randy Grewe 0-0: Ball
1-0: Ball
2-0: Ball
3-0: Base on Balls
Ernie Maldonado to second
Batting: SHB Cesar Pelayo 0-0: Ball
1-0: Swinging Strike
1-1: Called Strike
1-2: Ball
2-2: Ball
3-2: Base on Balls
Ernie Maldonado to third
Randy Grewe to second
Batting: RHB Aaron Barraza 0-0: Ball
1-0: Called Strike
1-1: Fly out, F8 (Line Drive, 8RD, EV 100.0 MPH)
Runner from 3rd tags up, OUT at HOME! 8-2
Randy Grewe to third
Cesar Pelayo to second
Pitching: RHP Paul Holder
Pinch Hitting: RHB Jay Harrison 0-0: Ball
1-0: Ball
2-0: Foul Ball, location: 2F
2-1: Fly out, F8 (Line Drive, 89D, EV 99.4 MPH)
Top of the 6th over - 0 runs, 1 hit, 0 errors, 2 left on base; Columbus 1 - Southern Maryland 1
BOTTOM OF THE 6TH
Southern Maryland Blue Crabs batting - Pitching for Columbus Reds : RHP Ivan Alday
Now at SS: Alex Juarez
Batting: RHB Imbart van Rens 0-0: Reached on error, E4 (Groundball, 4, EV 91.2 MPH)
Batting: SHB Eric Kelley 0-0: Intentional Walk
Batting: RHB Dou-wan Pan 0-0: Ball
1-0: Called Strike
1-1: Fly out, F8 (Flyball, 8LD, EV 95.0 MPH)
Batting: LHB Jeremy Nuzzo 0-0: Ball
1-0: Ball
2-0: Ball
3-0: Foul Ball, location: 2F
3-1: Base on Balls
Imbart van Rens to third
Eric Kelley to second
Batting: LHB Xue-liang Zhou 0-0: Ball
1-0: Ball
2-0: Ball
3-0: Called Strike
3-1: DOUBLE (Line Drive, 89D, EV 112.5 MPH)
Imbart van Rens scores
Eric Kelley scores
Jeremy Nuzzo to third
Runner from 3rd tries for Home, throw by CF and OUT! 8-4-2
Xue-liang Zhou to third
Batting: RHB C.J. Wells 0-0: Called Strike
0-1: Ball
1-1: Foul Ball, location: 2F
1-2: Strikes out swinging
Bottom of the 6th over - 2 runs, 1 hit, 1 error, 1 left on base; Columbus 1 - Southern Maryland 3
TOP OF THE 7TH
Columbus Reds batting - Pitching for Southern Maryland Blue Crabs : RHP Paul Holder
Batting: RHB Kevin Larner 0-0: Ball
1-0: Called Strike
1-1: Foul Ball, location: 2F
1-2: Ball
2-2: Foul Ball, location: 2F
2-2: Fly out, F8 (Flyball, 8LXD, EV 106.2 MPH)
Batting: RHB Ed Santibanez 0-0: Ball
1-0: Ball
2-0: Ground out 6-3 (Groundball, 6, EV 80.0 MPH)
Pinch Hitting: LHB Jose Cruz 0-0: Called Strike
0-1: Called Strike
0-2: Strikes out looking
Top of the 7th over - 0 runs, 0 hits, 0 errors, 0 left on base; Columbus 1 - Southern Maryland 3
BOTTOM OF THE 7TH
Southern Maryland Blue Crabs batting - Pitching for Columbus Reds : RHP Ivan Alday
Now in CF: Jose Cruz
Batting: RHB Eddie Morin 0-0: Fly out, F9 (Flyball, 9D, EV 92.5 MPH)
Batting: RHB Han Caspers 0-0: Ball
1-0: Fly out, F8 (Flyball, 8RM, EV 85.6 MPH)
Batting: LHB Ivan Alvarez 0-0: Ground out 5-3 (Groundball, 56, EV 89.4 MPH)
Bottom of the 7th over - 0 runs, 0 hits, 0 errors, 0 left on base; Columbus 1 - Southern Maryland 3
TOP OF THE 8TH
Columbus Reds batting - Pitching for Southern Maryland Blue Crabs : RHP Paul Holder
Batting: RHB Ben Burkholder 0-0: SINGLE (Groundball, 6D, EV 101.2 MPH)
Batting: RHB Ernie Maldonado 0-0: Swinging Strike
0-1: Called Strike
0-2: Ball
1-2: Ball
2-2: Ball
3-2: Base on Balls
Ben Burkholder to second
Batting: RHB Randy Grewe 0-0: Ball
1-0: Ball
2-0: Called Strike
2-1: Foul Ball, location: 2F
2-2: Ball
3-2: Grounds into double play, 6-4-3 (Groundball, 56, EV 85.6 MPH)
Ben Burkholder to third
Batting: SHB Cesar Pelayo 0-0: Ball
1-0: Foul Ball, location: 2F
1-1: Swinging Strike
1-2: Foul Ball, location: 2F
1-2: Ball
2-2: Foul Ball, location: 2F
2-2: Foul Ball, location: 2F
2-2: Ball
3-2: 2-RUN HOME RUN (Flyball, 78XD, EV 102.5 MPH), Distance : 426 ft
Batting: RHB Aaron Barraza 0-0: Called Strike
0-1: Ball
1-1: Called Strike
1-2: Ball
2-2: Strikes out swinging
Top of the 8th over - 2 runs, 2 hits, 0 errors, 0 left on base; Columbus 3 - Southern Maryland 3
BOTTOM OF THE 8TH
Southern Maryland Blue Crabs batting - Pitching for Columbus Reds : RHP Ivan Alday
Batting: RHB Imbart van Rens 0-0: Called Strike
0-1: Called Strike
0-2: Strikes out swinging
Batting: SHB Eric Kelley 0-0: Ball
1-0: Called Strike
1-1: Ground out U3 (Groundball, 34, EV 83.1 MPH)
Batting: RHB Dou-wan Pan 0-0: Ball
1-0: Ball
2-0: Called Strike
2-1: Ball
3-1: Foul Ball, location: 2F
3-2: Base on Balls
Batting: LHB Jeremy Nuzzo 0-0: Ball
1-0: Called Strike
1-1: Ball
Passed Ball!
Dou-wan Pan to second
2-1: Called Strike
2-2: Ball
3-2: Foul Ball, location: 2F
3-2: Foul Ball, location: 2F
3-2: Base on Balls
Pitching: RHP Guang Jue
Batting: LHB Xue-liang Zhou 0-0: Called Strike
0-1: Called Strike
0-2: Ball
1-2: Strikes out looking
Bottom of the 8th over - 0 runs, 0 hits, 0 errors, 2 left on base; Columbus 3 - Southern Maryland 3
TOP OF THE 9TH
Columbus Reds batting - Pitching for Southern Maryland Blue Crabs : RHP Paul Holder
Batting: RHB Alex Juarez 0-0: Ball
1-0: Ball
2-0: Called Strike
2-1: Ball
3-1: Foul Ball, location: 2F
3-2: Base on Balls
Pitching: RHP Harold Price
Batting: RHB Kevin Larner 0-0: Fly out, F3 (Popup, 34S, EV 82.5 MPH)
Batting: RHB Ed Santibanez 0-0: Ball
1-0: Called Strike
1-1: Foul Ball, location: 2F
1-2: Ball
2-2: Ball
3-2: SINGLE (Groundball, 56D, EV 95.0 MPH)
Alex Juarez to second
Alex Juarez to third
Pinch Hitting: RHB Ch'ang-chieh Hsia 0-0: Grounds into double play, 4-6-3 (Groundball, 4, EV 77.5 MPH)
Top of the 9th over - 0 runs, 1 hit, 0 errors, 1 left on base; Columbus 3 - Southern Maryland 3
BOTTOM OF THE 9TH
Southern Maryland Blue Crabs batting - Pitching for Columbus Reds : RHP Guang Jue
Now in CF: Ben Burkholder
Now in RF: Tim Kirk
Batting: RHB C.J. Wells 0-0: Foul Ball, location: 2F
0-1: Ball
1-1: DOUBLE (Line Drive, 5D, EV 101.9 MPH)
Batting: LHB Stu Proulx 0-0: Intentional Walk
Batting: RHB Han Caspers 0-0: Bunted foul
0-1: Bunted foul
0-2: Ball
1-2: Strikes out swinging
Pinch Hitting: LHB Robert Ortiz 0-0: Swinging Strike
0-1: Fly out, F8 (Flyball, 78M, EV 94.4 MPH)
Runner from 2nd tags up, SAFE at 3rd with throw by CF
Pinch Hitting: RHB Javier Brizuela 0-0: Ball
1-0: SINGLE (Line Drive, 4MD, EV 99.4 MPH)
C.J. Wells scores
Bottom of the 9th over - 1 run, 2 hits, 0 errors, 1 left on base; Columbus 3 - Southern Maryland 4
Thursday, December 15th , 2022 - OOTP Baseball 23.9 Build 102